 Dungeon Crawl Stone Soup version 0.19-a0-1015-ge643222 (webtiles) character file.

196 rageheart7 the Chopper (level 5, -3/70 HPs)
             Began as a Hill Orc Gladiator on July 24, 2016.
             Killed by divine providence
             ... invoked by an orc priest
              (12 damage)
             ... on level 3 of the Dungeon.
             The game lasted 00:04:21 (2075 turns).

rageheart7 the Chopper (Hill Orc Gladiator)         Turns: 2075, Time: 00:04:23

Health: -3/70      AC: 22    Str: 19    XL:     5   Next: 75%
Magic:  5/5        EV:  2    Int:  8    God:
Gold:   218        SH:  0    Dex: 11    Spells: 0 memorised, 4 levels left

rFire  . . .     SeeInvis .     a - +0 war axe
rCold  . . .     Gourm    .     (armour currently unavailable)
rNeg   + + +     Faith    .     (no shield)
rPois  +         Spirit   .     (helmet currently unavailable)
rElec  .         Dismiss  .     (cloak currently unavailable)
rCorr  .         Reflect  .     (gloves currently unavailable)
SustAt .         Harm     .     (boots currently unavailable)
MR     .....     NoTele   +     (no amulet)
Stlth  +.........               (no ring)
                                q - +4 ring of evasion

@: tree-form, not resistant to hostile enchantments, very unstealthy
A: no striking features
a: Convert to Beogh


You were on level 3 of the Dungeon.
You were not hungry.
You were a tree.
You visited 1 branch of the dungeon, and saw 3 of its levels.

You collected 218 gold pieces.

Inventory:

Hand Weapons
 a - a +0 war axe (weapon)
Missiles
 d - 3 throwing nets (quivered)
Armour
 c - a +0 helmet (melded)
 g - a +0 ring mail (melded)
 o - a +0 pair of gloves (melded)
Jewellery
 q - a +4 ring of evasion (left branch)
Scrolls
 b - 3 scrolls of identify {unknown}
 p - a scroll of magic mapping {unknown}
 r - a scroll of teleportation
 s - a scroll of random uselessness {unknown}
 u - 3 scrolls of immolation {unknown}
 v - 3 scrolls of remove curse
 x - a scroll of amnesia
Potions
 k - a potion of flight {unknown}
 l - a potion of resistance {unknown}
 m - a potion of haste {unknown}
 w - a potion of heal wounds {unknown}
Comestibles
 f - 2 bread rations
 h - a meat ration
 i - a beef jerky
 n - 4 fruits
 t - 5 chunks of flesh


   Skills:
 * Level 4.4 Fighting
 * Level 7.0 Axes
 - Level 1.7 Throwing
 - Level 2.4 Dodging


You had 4 spell levels left.
You didn't know any spells.

Dungeon Overview and Level Annotations

Branches:
Dungeon (3/15)

Altars:
Qazlal
Ru


Message History

The orc priest is severely wounded.
You hit the orc.
You kill the orc!
The orc hits you from afar with a trident.
* * * LOW HITPOINT WARNING * * *
You slash the orc priest!
The orc priest is severely wounded.
You closely miss the orc priest.
The orc priest shouts, "Surrender to Beogh and we'll let you live!"
The orc priest hits you but does no damage.
The orc priest calls upon Beogh to heal the orc priest.
The orc priest is healed somewhat.
The orc hits you but does no damage.
You completely miss the orc priest.
The orc priest is severely wounded.
You barely miss the orc priest.
The orc priest shouts, "Beogh is our master!
Accept the truth or die!"
The orc priest hits you but does no damage.
The orc priest calls down the wrath of Beogh upon you.
Beogh smites you!
You die...

.................>.#..##...#
#......#.##.......÷#.#######
#..................#.#########
#........#..............>....#
#........#..###....#.##......#
#.######....# #...##....######
..# |...# ###....#### .## ##..
###...# ..# #♣o...#
#..####o#..## #.....oK#.....
.........#.####.# ##.......#.#
.........#.# ####...?....
#........ #.......


You could see 2 orc priests, an orc and a kobold.

Vanquished Creatures
  Jessica (D:2)
  Ijyb (D:2)
  5 adders
  3 oozes
  A worm (D:2)
  3 dart slugs
  4 giant geckos
  2 orcs (D:3)
  A ball python (D:3)
  8 bats
  6 giant cockroaches
  9 goblins
  4 hobgoblins
  10 kobolds
  4 quokkas (D:2)
  5 giant newts
  5 rats
72 creatures vanquished.

Notes
Turn   | Place    | Note
-------+----------+-------------------------------------------
     0 | D:1      | rageheart7 the Hill Orc Gladiator began the quest for the Orb.
     0 | D:1      | Reached XP level 1. HP: 18/18 MP: 1/1
   331 | D:1      | Reached XP level 2. HP: 25/25 MP: 2/2
   596 | D:1      | Reached XP level 3. HP: 31/31 MP: 3/3
   930 | D:2      | Reached skill level 5 in Axes
   938 | D:2      | Noticed Jessica
   946 | D:2      | Killed Jessica
   946 | D:2      | Reached XP level 4. HP: 37/40 MP: 4/4
  1210 | D:2      | Found a stormy altar of Qazlal.
  1243 | D:2      | Reached skill level 6 in Axes
  1351 | D:2      | Noticed Ijyb
  1370 | D:2      | Killed Ijyb
  1370 | D:2      | Reached XP level 5. HP: 40/46 MP: 5/5
  1534 | D:2      | Found a sacrificial altar of Ru.
  2061 | D:3      | Reached skill level 7 in Axes
  2065 | D:3      | HP: 1/47 [orc priest/divine providence (16)]
  2075 | D:3      | Killed from afar by an orc priest

Vault maps used:
D:1:      evilmike_arrival_fibonacci_small, st_stairs_11
D:2:      hangedman_ru_absence, nicolae_qazlal_general_emergency,
          minmay_pentomino_s4, uniq_iyjb, uniq_jessica

Skill      XL: |  1  2  3  4  5 |
---------------+----------------+-----
Fighting       | 3 4 |  4.4
Axes           | 5 6 7 |  7.0
Throwing       | |  1.7
Dodging        | |  2.4

Action                   |  1- 3 |  4- 6 || total
-------------------------+-------+-------++-------
Melee: War axe           |    67 |   149 ||   216
  Use: Scroll            |       |     4 ||     4
       Potion            |       |     4 ||     4
 Stab: Sleeping          |     1 |       ||     1
  Eat: Chunk             |       |     4 ||     4
Armor: Leather armour    |    21 |     4 ||    25
       Ring mail         |       |    50 ||    50
       Skin              |       |     5 ||     5
Dodge: Dodged            |    51 |   139 ||   190
